 Dungeon Crawl Stone Soup version 0.31-a0-771-g505c3d19dc (webtiles) character file.

Game seed: 3535463281439958544

25 ryw the Changeling (level 2, -4/12 HPs)
             Began as a Felid Shapeshifter on Sept 16, 2023.
             Slain by Natasha (7 damage)
             ... on level 2 of the Dungeon.
             The game lasted 00:01:46 (686 turns).

ryw the Changeling (Felid Shapeshifter)              Turns: 686, Time: 00:01:46

Health: -4/12      AC:  1    Str: 10    XL:     2   Next: 82%
Magic:  3/3        EV: 17    Int: 11    God:
Gold:   55         SH:  5    Dex: 15    Spells: 1/1 levels left
                                        Lives:  0   Deaths: 1

rFire   . .          .
                       - Unarmed
rCold   . . .        (shield unavailable)
rNeg    . . .        (body armour unavailable)
rPois   .            (helmet unavailable)
rElec   .            (cloak unavailable)
rCorr   .            (gloves unavailable)
SInv    +            (boots unavailable)
Will    .....        d - amulet of reflection
Stlth   +            (no ring)
HPRegen 0.22/turn    (no ring)
MPRegen 0.08/turn

%: reflection
@: beast-form, slowed, slow
A: beast (slay +2), very small, claws 1, fangs 3, see invisible, speed 1, shaggy
fur 1, stealthy paws, no weapons or thrown items, no armour, multi-lived
a: Begin Untransformation


You were on level 2 of the Dungeon.
You were a hulking beast.
You visited 1 branch of the dungeon, and saw 2 of its levels.

You collected 55 gold pieces.

Inventory:

Jewellery
 d - an amulet of reflection (around neck)
Talismans
 b - a beast talisman (active)
 c - a flux talisman
Scrolls
 f - a scroll of immolation {unknown}
 h - 3 scrolls of identify {unknown}
 i - a scroll of torment {unknown}
 j - a scroll of vulnerability {unknown}
Potions
 a - a potion of lignification
 e - a potion of might {unknown}
 g - a potion of brilliance {unknown}


   Skills:
 + Level 1.3 Fighting
 + Level 3.0 Dodging
 * Level 3.4 Unarmed Combat
 * Level 3.6 Shapeshifting


You had one spell level left.
You didn't know any spells.
Your spell library was empty.

Dungeon Overview and Level Annotations

Branches:
Dungeon (2/15)

Altars:

Shops:
D:2 (

Annotations:
D:2 Natasha


Innate Abilities, Weirdness & Mutations

You are a hulking beast.
Your limbs bulge with bestial killing power. (Slay +2)
You have sharp claws.
You have razor-sharp teeth.
You have supernaturally acute eyesight. (SInv)
You cover ground quickly. (Speed+)
You are covered in fur. (AC +1)
Your paws help you pounce on unaware monsters.
You are incapable of wielding weapons or throwing items.
You cannot wear armour.
You gain extra lives every three experience levels.


Message History

You feel sick.
Your Dodging skill increases to level 3!
You start resting.
You feel sick. x4
You are no longer poisoned.
You start resting.
HP restored.
Found a pair of boots.
Found an escape hatch in the ceiling.
i - a scroll labelled TEIDUSKOGU You see here a throwing net.
You now have 55 gold pieces (gained 16).
Found 2 javelins.
j - a scroll labelled QISTAL UXTYIGH
h - 3 scrolls labelled XICUELL MIDIR (gained 1) Natasha hisses angrily.
You closely miss Natasha. Your bite misses Natasha.
Natasha is moderately wounded.
Natasha claws you.
Ouch! That really hurt!
Natasha mumbles some strange words.
Natasha casts a spell at you.
You feel yourself slow down.
The cerulean imp attacks as it pursues you!
The cerulean imp completely misses you. Natasha attacks as she pursues you!
Natasha barely misses you.
The cerulean imp hits you from afar with a +1 spear.
* * * LOW HITPOINT WARNING * * *
You barely miss Natasha.
Natasha is moderately wounded.
Natasha barely misses you. The cerulean imp misses you.
Natasha completely misses you.
You scratch Natasha. Your bite misses Natasha.
Natasha is moderately wounded.
The cerulean imp hits you from afar with a +1 spear.
* * * LOW HITPOINT WARNING * * *
Natasha misses you. The cerulean imp closely misses you.
Natasha attacks as she pursues you! Natasha closely misses you.
Natasha attacks as she pursues you! Natasha claws you!
Ouch! That really hurt!
You die...
Natasha curls up and begins to purr.

### #.######
#.(....# ##.##.#.#
##...#.#h#
#......#h# #.#
##...#.#.# #.#
##.##.#5# #.#
#######.##....# #.#
#.......##.......5.
#.#########...###5#
#####.# ##.## #h#
......# #.# #†#


You could see Natasha and a cerulean imp (summoned).

Vanquished Creatures
  An adder (D:2)
  A dart slug (D:1)
  3 endoplasms (D:1)
  A hobgoblin (D:1)
  3 ball pythons (D:1)
  3 frilled lizards (D:1)
  A goblin (D:1)
  3 kobolds (D:1)
  A rat (D:1)
17 creatures vanquished.

Notes
Turn   | Place    | Note
-------+----------+-------------------------------------------
     0 | D:1      | ryw the Felid Shapeshifter began the quest for the Orb.
     0 | D:1      | Reached XP level 1. HP: 9/9 MP: 2/2
   184 | D:1      | Reached XP level 2. HP: 11/12 MP: 3/3
   522 | D:2      | Noticed Natasha
   532 | D:2      | Slain by a cerulean imp
   547 | D:2      | Found Laerea Susa's Antique Weapon Emporium.
   686 | D:2      | Slain by Natasha

Illustrated notes

Levels and vault maps discovered:
D:1:      minmay_arrival_pointy, layout_rooms, minmay_tetromino_s4
D:2:      layout_loops_ring, serial_shops, shop, shop, nicolae_shop_waterfront,
          grunt_ministairs_5, kennysheep_potato, uniq_natasha

Skill      XL: |  1  2 |
---------------+-------+-----
Dodging        | 3 |  3.0
Fighting       | |  1.3
Unarmed Combat | |  3.4
Shapeshifting  | |  3.6

Action                     || total
---------------------------++-------
  Melee: Unarmed           ||    47
         Bite              ||     2
 Armour: Skin              ||    11
  Dodge: Dodged            ||    34
  Block: Other             ||     8
         Reflection        ||     1

Table legend: (Time is in decaauts)
 A = Elapsed time spent in this place.
 B = Non-inter-level travel time spent in this place.
 C = Inter-level travel time spent in this place.
 D = Time resting spent in this place.
 E = Time spent auto-exploring this place.
 F = Levels seen in this place.
 G = Mean time per level.
                   A        B        C        D        E       F      G
               +--------+--------+--------+--------+--------+-----+--------+
         Total |    571 |    517 |     54 |     42 |    337 |   2 |  285.5 |
       Dungeon |    571 |    517 |     54 |     42 |    337 |   2 |  285.5 |
               +--------+--------+--------+--------+--------+-----+--------+

Top non-repeatable levels by time:
     D:1: 427 daAuts
     D:2: 144 daAuts
